 Dungeon Crawl Stone Soup version 0.23-a0-573-g25f4479 (webtiles) character file.

1124 pmoppi the Slasher (level 8, -9/62 HPs)
             Began as a Mummy Warper on Dec 13, 2018.
             Was an Initiate of Ashenzari.
             Mangled by an ogre
             ... wielding a +0 giant club
              (17 damage)
             ... on level 5 of the Dungeon.
             The game lasted 00:14:47 (9027 turns).

pmoppi the Slasher (Mummy Warper)                   Turns: 9027, Time: 00:14:47

Health: -9/62      AC:  9    Str: 17    XL:     8   Next: 13%
Magic:  12/12      EV: 10    Int: 12    God:    Ashenzari [......]
Gold:   229        SH:  0    Dex: 11    Spells: 10/12 levels left

rFire    x . .     SeeInvis .   a - +0 falchion (curse)
rCold    + . .     Gourm    .   (no shield)
rNeg     + + +     Faith    .   u - +0 scale mail
rPois    ∞         Spirit   .   (no helmet)
rElec    .         Reflect  .   o - +0 cloak (curse)
rCorr    .         Harm     .   q - +0 pair of gloves (curse)
MR       +....     Rnd*Tele +   (no boots)
Stlth    ..........             (no amulet)
HPRegen  0.20/turn              r - ring of teleportation
MPRegen  0.13/turn              (no ring)

@: no status effects
A: no food or potions, fire vulnerability, cold resistance 1, negative energy
resistance 3, torment resistance, unbreathing
a: Curse Item, Renounce Religion


You were on level 5 of the Dungeon.
You worshipped Ashenzari.
Ashenzari was noncommittal.
You were not hungry.

You visited 2 branches of the dungeon, and saw 7 of its levels.

You collected 229 gold pieces.

Inventory:

Hand Weapons
 a - a cursed +0 falchion (weapon)
Missiles
 c - 4 silver tomahawks
 e - 5 tomahawks of dispersal
 j - 103 stones (quivered)
 v - 23 sling bullets
Armour
 b - a +2 leather armour of magic resistance
 h - a +0 plate armour
 m - a scarf of cloud immunity
 o - a cursed +0 cloak (worn)
 q - a cursed +0 pair of gloves (worn)
 u - a +0 scale mail (worn)
Jewellery
 r - a ring of teleportation (left hand)
 t - an uncursed amulet of faith
Wands
 w - a wand of clouds (6)
Scrolls
 d - 3 scrolls of blinking
 f - a scroll of immolation
 g - a scroll of magic mapping
 i - 5 scrolls of remove curse
 k - 5 scrolls of enchant armour
 l - 3 scrolls of amnesia
 n - 5 scrolls of teleportation
 p - a scroll of noise {unknown}


   Skills:
 + Level 5.1 Fighting
 * Level 5.9 Long Blades
 - Level 0.7 Throwing
 + Level 3.9 Armour
 - Level 1.5 Dodging
 - Level 2.6 Spellcasting
 - Level 2.4 Translocations


You had 10 spell levels left.
You knew the following spells:

 Your Spells              Type           Power        Failure   Level  Hunger
a - Blink                 Tloc           N/A          41%         2    N/A

Your spell library contained the following spells:

 Spells                   Type           Power        Failure   Level  Hunger
 Shroud of Golubria       Chrm/Tloc      #.........   58%         2    N/A
 Summon Small Mammal      Summ           #...         63%         1    N/A
 Gell's Gravitas          Tloc           #.........   65%         3    N/A
 Lesser Beckoning         Tloc           #.........   65%         3    N/A
 Teleport Other           Tloc           #.......     65%         3    N/A
 Call Imp                 Summ           #.......     77%         2    N/A
 Call Canine Familiar     Summ           #.......     94%         3    N/A
 Summon Guardian Golem    Hex/Summ       #.......     94%         3    N/A
 Passage of Golubria      Tloc           N/A          96%         4    N/A
 Summon Ice Beast         Ice/Summ       #.......     100%        4    N/A
 Summon Lightning Spire   Summ/Air       #.......     100%        4    N/A

Dungeon Overview and Level Annotations

Branches:
Dungeon (6/15)             Temple (1/1) D:6

Altars:
Ashenzari
Cheibriados
Dithmenos
Elyvilon
Fedhas
Gozag
Hepliaklqana
Kikubaaqudgha
Makhleb
Nemelex Xobeh
Qazlal
Ru
Sif Muna
Trog
Uskayaw
Vehumet
Wu Jian
Yredelemnul
The Shining One

Shops:
D:4 ?

Annotations:
D:4 exclusion: goblin


Innate Abilities, Weirdness & Mutations

You do not eat or drink.
Your flesh is vulnerable to fire.
You are immune to poison.
Your flesh is cold resistant. (rC+)
You are immune to negative energy. (rN+++)
You are immune to unholy pain and torment.
You can survive without breathing.


Message History

You hit the ogre.
The ogre is heavily wounded.
The ogre hits you with a +0 giant club.
You hit the ogre.
The ogre is severely wounded.
The ogre barely misses you.
You completely miss the ogre.
The ogre is severely wounded.
You hit the ogre but do no damage.
The ogre is severely wounded.
The ogre hits you with a +0 giant club!
* * * LOW HITPOINT WARNING * * *
You barely miss the ogre.
The ogre is severely wounded.
The ogre hits you with a +0 giant club.
* * * LOW HITPOINT WARNING * * *
You slash the ogre!
The ogre is almost dead.
The ogre hits you with a +0 giant club!
You die...

#).# #.# #......# #..# #.#
#.###### #..# #.# #.# #..# #.#
#.# #..# #.#### #.# '..#
###.##.####.########## ..##
##...#.#..............# ###
##.....#.####.########.# #
#.........O@..# #.# #
#........####.# #.# #
#....>..#####.#### #.# #
##....O###.......# ###.# #
##...## #.#.....###...# ## ###
##.## #.#(.#...##.######.
..######...## #.#..#>#...........
.....##..#..###.#..#...##.######.
...#....###!............#.# #.


You could see an ogre.

Vanquished Creatures
  A sky beast (D:4)
  An ice beast (D:5)
  2 ogres
  A bullfrog (D:6)
  2 killer bees (Temple)
  A crimson imp (D:6)
  An orc wizard (D:4)
  2 hounds (D:4)
  2 orc priests (D:4)
  2 bullfrog skeletons
  An iguana (D:4)
  4 worker ants
  A howler monkey zombie (D:4)
  9 adders
  3 gnolls
  2 oozes (D:2)
  An adder zombie (D:5)
  2 worms (D:3)
  5 dart slugs
  5 leopard geckos
  8 orcs
  2 ball pythons
  8 giant cockroaches
  9 goblins
  8 hobgoblins
  8 jackals
  6 kobolds
  3 quokkas
  6 bats
  13 frilled lizards
  A giant cockroach zombie (D:5)
  8 rats
128 creatures vanquished.

Notes
Turn   | Place    | Note
-------+----------+-------------------------------------------
     0 | D:1      | pmoppi the Mummy Warper began the quest for the Orb.
     0 | D:1      | Reached XP level 1. HP: 16/16 MP: 4/4
    32 | D:1      | Reached skill level 1 in Armour
    75 | D:1      | Reached XP level 2. HP: 22/22 MP: 5/5
   877 | D:1      | Reached XP level 3. HP: 27/28 MP: 7/7
  1054 | D:1      | Learned a level 2 spell: Blink
  2045 | D:2      | Reached XP level 4. HP: 32/34 MP: 8/8
  3717 | D:3      | Found a bloodstained altar of Trog.
  3717 | D:3      | Found a sacrificial altar of Ru.
  3717 | D:3      | Found a radiant altar of Vehumet.
  3758 | D:3      | Reached XP level 5. HP: 37/41 MP: 9/9
  4834 | D:4      | You fall through a shaft!
  4834 | D:5      | Entered Level 5 of the Dungeon
  5203 | D:4      | Reached XP level 6. HP: 44/47 MP: 10/10
  5924 | D:4      | Found a glowing golden altar of the Shining One.
  6095 | D:4      | Found Witof's Magic Scroll Shop.
  6589 | D:4      | Reached XP level 7. HP: 19/54 MP: 11/11
  7480 | D:4      | Reached skill level 5 in Long Blades
  8226 | D:6      | Found a staircase to the Ecumenical Temple.
  8239 | D:6      | Reached XP level 8. HP: 24/61 MP: 12/12
  8245 | Temple   | Entered the Ecumenical Temple
  8253 | Temple   | Became a worshipper of Ashenzari the Shackled
  8456 | D:6      | Reached skill level 5 in Fighting
  9027 | D:5      | Mangled by an ogre

Vault maps used:
D:1:      saegor_arrival_simple_a, minmay_misc_feat_rows, minmay_lizard_king
D:2:      minmay_tetromino_l4
D:3:      chequers_temple_overflow_statue_of_worship
D:4:      lemuel_round_altar, serial_shops, shop, minmay_goblin_outpost
D:5:      first_ration, minivault_11
D:6:      kennysheep_windowed_halls, minmay_temple_entry_statues_pillars
Temple:   nicolae_temple_no_exploring_needed

Skill      XL: |  1  2  3  4  5  6  7  8 |
---------------+-------------------------+-----
Armour         | 1 2 3 |  3.9
Long Blades    | 2 3 4 5 |  5.9
Fighting       | 3 4 5 |  5.1
Throwing       | |  0.7
Dodging        | |  1.5
Spellcasting   | |  2.6
Translocations | |  2.4

Action                   |  1- 3 |  4- 6 |  7- 9 || total
-------------------------+-------+-------+-------++-------
Melee: Falchion          |   148 |   331 |   166 ||   645
Throw: Stone             |       |    45 |       ||    45
Invok: Curse Item        |       |       |     3 ||     3
Evoke: Wand              |       |     1 |    12 ||    13
  Use: Scroll            |       |       |     8 ||     8
 Stab: Paralysed         |       |     5 |    26 ||    31
Armor: Leather armour    |    34 |    31 |       ||    65
       Scale mail        |       |    87 |    57 ||   144
Dodge: Dodged            |   110 |   177 |    77 ||   364
       Rpst.: Falchion   |    45 |    54 |    25 ||   124

Table legend:
 A = Non-vault XP
 B = Vault XP
 C = Vault XP percentage of total XP
 D = Non-vault monster count
 E = Vault monster count
 F = Vault count percentage of total count
                 A         B        C        D         E       F
            +---------+---------+-------+---------+---------+-------
      Total |    1556 |      50 |   3.1 |     110 |      18 |  14.1
            +---------+---------+-------+---------+---------+-------
        D:1 |      50 |      11 |  18.0 |      25 |       9 |  26.5
        D:2 |     100 |      29 |  22.5 |      27 |       3 |  10.0
        D:3 |      85 |       0 |   0.0 |      17 |       0 |   0.0
        D:4 |     635 |      10 |   1.6 |      26 |       6 |  18.8
        D:5 |     366 |       0 |   0.0 |       9 |       0 |   0.0
        D:6 |     193 |       0 |   0.0 |       4 |       0 |   0.0
     Temple |     127 |       0 |   0.0 |       2 |       0 |   0.0
            +---------+---------+-------+---------+---------+-------
